 Dungeon Crawl Stone Soup version 0.29-a0-322-g68df515428 (webtiles) character file.

Game seed: 587502744383303579

14530 Flugkiller the Nimble (level 12, -7/87 HPs)
             Began as an Octopode Delver on Apr 7, 2022.
             Was a High Priest of Dithmenos.
             Mangled by a freezing wraith (11 damage)
             ... in an ice cave.
             The game lasted 00:22:27 (14420 turns).

Flugkiller the Nimble (Octopode Delver)            Turns: 14420, Time: 00:22:27

Health: -7/87      AC:  5    Str: 12    XL:     12   Next: 17%
Magic:  12/12      EV: 20    Int: 13    God:    Dithmenos [*****.]
Gold:   660        SH:  9    Dex: 17    Spells: 8/11 levels left

rFire   . . .      SeeInvis .   r - +4 scimitar (flame)
rCold   + . .      Faith    .   N - +0 buckler
rNeg    . . .      Spirit   .   (helmet restricted)
rPois   .          Reflect  +   d - amulet of reflection
rElec   .          Harm     .   p - +4 ring of protection
rCorr   .          Rampage  .   c - ring of protection from cold
Will    .....                   (no ring)
Stlth   +++++++...              (no ring)
HPRegen 0.24/turn               (no ring)
MPRegen 0.13/turn               (no ring)
                                (no ring)
                                (no ring)

@: slowed, wreathed by umbra, very slow
A: almost no armour, amphibious, 8 rings, camouflage 1, gelatinous body 1,
(nimble swimmer 1), tentacles
a: Renounce Religion, Shadow Step, Shadow Form


You were in an ice cave.
You worshipped Dithmenos.
Dithmenos was extremely pleased with you.
You visited 1 branch of the dungeon, and saw 14 of its levels.
You also visited: Bailey and Ice Cave.

You collected 660 gold pieces.

Inventory:

Hand Weapons
 r - a +4 scimitar of flaming (weapon)
   (You took it off an efreet on level 13 of the Dungeon)
 F - a +2 dagger of speed
   (You took it off a kobold on level 6 of the Dungeon)
 I - the +10 dagger of Hapril {vorpal, *Slow rCorr MP+9 Str+4}
   (You took it off a kobold on level 7 of the Dungeon)

   It inflicts extra damage upon your enemies.
   Str:       It affects your strength (+4).
   MP:        It affects your magic capacity (+9).
   rCorr:     It protects you from acid and corrosion.
   *Slow:     It may slow you when you take damage.
 J - a +4 great sword
   (You took it off a wight on level 7 of the Dungeon)
Missiles
 i - a curare-tipped dart (quivered)
Armour
 N - a +0 buckler (worn)
   (You found it on level 10 of the Dungeon)
Jewellery
 c - a ring of protection from cold (right tentacle)
   (You found it on level 6 of the Dungeon)
 d - an amulet of reflection (around mantle)
   (You found it on level 9 of the Dungeon)
 p - a +4 ring of protection (left tentacle)
   (You took it off a kobold on level 1 of the Dungeon)
 B - a ring of fire
   (You found it on level 6 of the Dungeon)
Wands
 f - a wand of digging (3)
 v - a wand of flame (2)
   (You found it on level 5 of the Dungeon)
 A - a wand of polymorph (3)
   (You took it off Edmund on level 4 of the Dungeon)
 C - a wand of paralysis (4)
   (You found it on level 12 of the Dungeon)
 G - a wand of iceblast (19)
   (You found it on level 4 of the Dungeon)
Scrolls
 b - 4 scrolls of fog
 k - a scroll of summoning
 m - 2 scrolls of silence
 n - 5 scrolls of enchant weapon
 o - 3 scrolls of amnesia
 s - 2 scrolls of immolation
 t - 12 scrolls of teleportation
 y - a scroll of enchant armour
 z - 2 scrolls of blinking
 D - 2 scrolls of magic mapping
 E - 3 scrolls of holy word
 H - 2 scrolls of vulnerability
 O - a scroll of torment
Potions
 a - 2 potions of heal wounds {unknown}
 e - a potion of magic {unknown}
 g - a potion of flight
 h - 7 potions of haste
 j - a potion of brilliance {unknown}
 l - 2 potions of invisibility {unknown}
 q - 4 potions of curing
 u - 3 potions of ambrosia
 w - a potion of attraction {unknown}
 x - a potion of resistance {unknown}
 M - a potion of mutation {unknown}
 P - a potion of cancellation {unknown}
 Q - a potion of might {unknown}
 S - 2 potions of degeneration {unknown}


   Skills:
 - Level 10.0 Fighting
 - Level 5.6(8.6) Short Blades
 + Level 10.2(10.8) Long Blades
 - Level 12.0 Dodging
 - Level 6.6 Stealth
 + Level 0.0 Spellcasting
 + Level 0.0 Ice Magic
 - Level 5.0 Evocations


You had 8 spell levels left.
You knew the following spells:

 Your Spells              Type           Power      Damage    Failure   Level
a - Ozocubu's Armour      Ice            0%         N/A       77%         3

Your spell library contained the following spells:

 Spells                   Type           Power      Damage    Failure   Level
 Animate Skeleton         Necr           0%         N/A       38%         1
 Apportation              Tloc           0%         N/A       38%         1
 Sandblast                Erth           0%         2d4       38%         1
 Shock                    Conj/Air       0%         1d3       38%         1
 Summon Small Mammal      Summ           0%         N/A       38%         1
 Blink                    Tloc           0%         N/A       54%         2
 Corpse Rot               Necr/Air       0%         N/A       54%         2
 Passwall                 Tmut/Erth      0%         N/A       54%         2
 Conjure Flame            Conj/Fire      0%         6-21      77%         3
 Gell's Gravitas          Tloc           0%         N/A       77%         3
 Ignite Poison            Fire/Tmut/Pois 0%         N/A       77%         3
 Lesser Beckoning         Tloc           0%         N/A       77%         3
 Stone Arrow              Conj/Erth      0%         3d7       77%         3
 Swiftness                Air            0%         N/A       77%         3
 Teleport Other           Tloc           0%         N/A       77%         3
 Airstrike                Air            0%         N/A       99%         4
 Dispel Undead            Necr           0%         3d6       99%         4
 Sticky Flame             Conj/Fire      0%         2d3       99%         4
 Manifold Assault         Tloc           0%         N/A       100%        5
 Death Channel            Necr           0%         N/A       100%        6
 Dispersal                Tloc           0%         N/A       100%        6
 Ozocubu's Refrigeration  Ice            0%         4d5       100%        7


Dungeon Overview and Level Annotations

Branches:
Dungeon (14/15)            Temple (0/1) D:4            Lair (0/6) D:8
 Bailey (visited)           IceCv (1/1)
    Orc: D:9-12      Vaults: D:13-14

Altars:
Dithmenos
Gozag
Nemelex Xobeh
Qazlal
Ru
Wu Jian
Zin
The Shining One

Shops:
D:9 :   D:10 *   D:11 (

Annotations:
D:12 Urug
D:13 exclusion: death knight


Innate Abilities, Weirdness & Mutations

You cannot wear most types of armour.
You are amphibious.
You can wear up to eight rings at the same time.
Your skin changes colour to match your surroundings (Stealth+).
Your rubbery body absorbs attacks. (AC +1, EV +1)
((You are camouflaged when in or above water. (Stealth+)))
You have tentacles for arms and can constrict up to eight enemies at once.


Message History

Dithmenos accepts your kill.
The ufetubus hits you but does no damage.
The ufetubus misses you.
You closely miss the ufetubus. You grab the ufetubus. You squeeze the ufetubus!
You kill the ufetubus!
Dithmenos accepts your kill.
A death yak simulacrum comes into view.
A spriggan simulacrum comes into view.
An ufetubus comes into view.
The ufetubus shouts!
You slash the death yak simulacrum!
You melt the death yak simulacrum.
You squeeze the death yak simulacrum, but do no damage.
The death yak simulacrum is moderately damaged.
The death yak simulacrum closely misses you.
You slash the death yak simulacrum!
You melt the death yak simulacrum.
The death yak simulacrum is severely damaged.
You hit the death yak simulacrum.
You melt the death yak simulacrum.
You squeeze the death yak simulacrum.
The death yak simulacrum vaporises!
Dithmenos accepts your kill. You block the ufetubus's attack.
The ufetubus closely misses you.
You slash the ufetubus! You burn the ufetubus.
You kill the ufetubus!
Dithmenos accepts your kill.
No reachable target in view!
You hit the spriggan simulacrum.
You melt the spriggan simulacrum.
Your grab misses the spriggan simulacrum.
The spriggan simulacrum is heavily damaged.
The spriggan simulacrum completely misses you.
You hit the spriggan simulacrum.
You melt the spriggan simulacrum.
You grab the spriggan simulacrum.
The spriggan simulacrum is severely damaged.
You constrict the spriggan simulacrum.
The spriggan simulacrum barely misses you.
You hit the spriggan simulacrum.
You melt the spriggan simulacrum.
The spriggan simulacrum vaporises!
Dithmenos accepts your kill. 2 freezing wraiths come into view.
Okay, then.
Unknown command.
This spell is dangerous to cast!
Memorise Ozocubu's Armour, consuming 3 spell levels and leaving 8?
You start memorising the spell.
You continue memorising. x3
You finish memorising.
Spell assigned to 'a'.
You hit the freezing wraith but do no damage.
Your tentacle-slap misses the freezing wraith.
Your squeeze misses the freezing wraith.
The freezing wraith hits you but does no damage.
The freezing wraith hits you!
You slash the freezing wraith! You burn the freezing wraith.
You squeeze the freezing wraith.
The freezing wraith is heavily damaged.
Your shadow barely misses the freezing wraith.
The freezing wraith hits you! The freezing wraith freezes you! You resist.
You block the freezing wraith's attack.
You closely miss the freezing wraith.
You squeeze the freezing wraith, but do no damage.
The freezing wraith is heavily damaged.
Your shadow hits the freezing wraith but does no damage.
The freezing wraith closely misses you. The freezing wraith hits you.
The freezing wraith drains your vigour!
You feel yourself slow down.
You are too injured to fight recklessly!
You barely miss the freezing wraith.
The freezing wraith is heavily damaged.
The freezing wraith barely misses you. The freezing wraith hits you!
The freezing wraith drains your vigour!
You feel as though you will be slow longer.
You slash the freezing wraith! You burn the freezing wraith.
The freezing wraith is severely damaged.
The freezing wraith hits you. The freezing wraith freezes you! You resist.
The freezing wraith closely misses you.
You hit the freezing wraith but do no damage.
You squeeze the freezing wraith.
The freezing wraith is severely damaged.
Your shadow hits the freezing wraith but does no damage.
You block the freezing wraith's attack. The freezing wraith misses you.
You block the freezing wraith's attack.
The freezing wraith completely misses you.
Aiming: Iceblast
Press: ? - help, Shift-Dir - straight line The mass of ice explodes!
The iceblast engulfs the freezing wraith.
The freezing wraith partially resists.
The freezing wraith is almost destroyed.
The freezing wraith closely misses you. The freezing wraith hits you!
* * * LOW HITPOINT WARNING * * *
Aiming: Iceblast
Press: ? - help, Shift-Dir - straight line The mass of ice explodes!
The iceblast engulfs the freezing wraith.
The freezing wraith partially resists.
The freezing wraith is almost destroyed.
The freezing wraith hits you.
* * * LOW HITPOINT WARNING * * *
The freezing wraith freezes you! You resist.
* * * LOW HITPOINT WARNING * * *
You block the freezing wraith's attack. The freezing wraith hits you.
* * * LOW HITPOINT WARNING * * *
The freezing wraith freezes you! You resist.
You die...

##...............##
##
##....###........##
..# #...###
###...#### ..W#
#..## ##### #...#
#...# #..W###..##
#...###..##
#...###..##
#...W@..# ###....##
######


You could see a freezing wraith.

Vanquished Creatures
  2 boulder beetles
  A two-headed ogre (D:10)
  A centaur warrior (D:14)
  Pikel (D:7)
  2 cyclopes
  3 manticores
  2 efreet
  2 shadows
  3 vampires
  A wyvern (D:10)
  Eustachio (D:4)
  11 yaks
  3 death yak simulacra (IceCv)
  Edmund (D:4)
  A steam dragon (D:9)
  Menkaure (D:5)
  4 acid dragons
  A water moccasin (D:9)
  12 orc warriors
  2 ice beasts
  3 black bears
  2 sky beasts (D:6)
  2 ogres (D:7)
  11 centaurs
  4 lemures
  6 kobold brigands
  2 phantoms
  2 bullfrogs
  3 scorpions
  9 wights
  2 cane toad simulacra (IceCv)
  10 killer bees
  An elephant simulacrum (IceCv)
  2 orc priests
  A jelly (D:8)
  2 hounds
  2 iguanas (D:5)
  4 orc wizards
  2 wolf simulacra (IceCv)
  A polar bear simulacrum (IceCv)
  2 spriggan simulacra (IceCv)
  2 gnolls (D:1)
  9 adders
  15 white imps
  4 ufetubi
  2 worms
  3 dart slugs
  49 orcs
  8 ball pythons
  4 bats
  6 endoplasms
  2 giant cockroaches
  6 goblins
  3 hobgoblins
  3 jackals (D:2)
  22 kobolds
  5 quokkas
  4 frilled lizards (D:1)
  6 rats
281 creatures vanquished.

Notes
Turn   | Place    | Note
-------+----------+-------------------------------------------
     0 | D:5      | Flugkiller the Octopode Delver began the quest for the Orb.
     0 | D:5      | Reached XP level 1. HP: 16/16 MP: 1/1
    35 | D:5      | Noticed a black bear
    37 | D:5      | Noticed a hound
   102 | D:4      | Reached XP level 2. HP: 21/21 MP: 2/2
   109 | D:4      | Noticed Edmund
   290 | D:2      | Reached skill level 3 in Dodging
   520 | D:1      | Reached XP level 3. HP: 12/26 MP: 3/3
   937 | D:1      | Reached skill level 4 in Dodging
  1286 | D:1      | Reached XP level 4. HP: 31/31 MP: 4/4
  1672 | D:2      | Found a faded altar of an unknown god.
  1688 | D:2      | Prayed at the altar of an unknown god.
  1688 | D:2      | Became a worshipper of Dithmenos the Shadowed
  1688 | D:2      | Reached * piety under Dithmenos
  2088 | D:2      | Reached ** piety under Dithmenos
  2089 | D:2      | Reached skill level 5 in Dodging
  2089 | D:2      | Reached XP level 5. HP: 36/36 MP: 5/5
  3114 | D:4      | Noticed Eustachio
  3260 | D:5      | Reached XP level 6. HP: 45/45 MP: 6/6
  3277 | D:5      | Reached skill level 5 in Fighting
  3464 | D:5      | Reached skill level 1 in Evocations
  3623 | D:5      | Noticed an ice beast
  3641 | D:5      | Found a stormy altar of Qazlal.
  3682 | D:5      | Noticed Menkaure
  3926 | D:5      | Killed a black bear
  3927 | D:5      | Reached XP level 7. HP: 40/50 MP: 7/7
  4312 | D:5      | Killed Menkaure
  4517 | D:4      | Killed Eustachio
  4518 | D:4      | Reached skill level 5 in Evocations
  4518 | D:4      | Reached XP level 8. HP: 48/55 MP: 8/8
  4592 | D:4      | Found a staircase to the Ecumenical Temple.
  4897 | D:4      | Killed Edmund
  4898 | D:4      | Reached skill level 5 in Short Blades
  5160 | D:6      | Noticed Blork the orc
  5163 | D:6      | Noticed Blork
  5163 | D:6      | Blork the orc changed into Blork the scorpion
  5170 | D:6      | Killed Blork the scorpion
  5665 | D:6      | Reached skill level 6 in Dodging
  5853 | D:6      | Reached *** piety under Dithmenos
  6431 | D:6      | Reached XP level 9. HP: 51/62 MP: 9/9
  6517 | D:7      | Reached skill level 7 in Dodging
  6790 | D:6      | Reached skill level 8 in Dodging
  7053 | D:7      | Identified the +10 dagger of Hapril {vorpal, *Slow rCorr
                  | MP+9 Str+4}
  7613 | D:7      | Noticed Joseph
  7626 | D:7      | Reached skill level 9 in Dodging
  7884 | D:7      | Noticed Joseph
  7884 | D:7      | Joseph changed into Joseph the ogre
  7894 | D:7      | Killed Joseph the ogre
  8334 | D:8      | Noticed Pikel
  8381 | D:7      | Killed Pikel
  8382 | D:7      | Reached XP level 10. HP: 40/72 MP: 10/10
  8607 | D:8      | Reached skill level 10 in Dodging
  8800 | D:8      | Noticed a gargoyle
  9149 | D:8      | Found a glowing golden altar of the Shining One.
  9178 | D:8      | Found a sparkling altar of Nemelex Xobeh.
  9178 | D:8      | Found an opulent altar of Gozag.
  9293 | D:8      | Reached skill level 1 in Long Blades
  9318 | D:8      | Found a staircase to the Lair.
  9487 | D:9      | Found a glowing silver altar of Zin.
  9616 | D:9      | Found a flagged portal.
  9625 | Bailey   | Entered a bailey
 10395 | Bailey   | Reached skill level 11 in Dodging
 10686 | Bailey   | Reached **** piety under Dithmenos
 11564 | D:9      | Found Huirerya's Book Emporium.
 11588 | D:9      | Reached XP level 11. HP: 47/80 MP: 11/11
 12379 | D:10     | Entered Level 10 of the Dungeon
 12391 | D:10     | Reached skill level 12 in Dodging
 12441 | D:10     | Found Kozxool's Assorted Antiques.
 12520 | D:10     | Noticed a two-headed ogre
 12535 | D:10     | Killed a two-headed ogre
 12549 | D:10     | Reached skill level 5 in Long Blades
 12812 | D:10     | Found an ornate altar of the Wu Jian Council.
 12856 | D:10     | Found a sacrificial altar of Ru.
 12864 | D:10     | Identified the +6 spear of Xelatug {vorpal, rPois rC-
                  | Dex+2}
 13199 | D:11     | Reached skill level 10 in Fighting
 13261 | D:11     | You fall into a shaft and drop 3 floors!
 13273 | D:14     | Noticed a purple ugly thing
 13273 | D:14     | Noticed a purple ugly thing
 13274 | D:14     | Noticed a purple ugly thing
 13287 | D:14     | Noticed a centaur warrior
 13301 | D:14     | Killed a centaur warrior
 13414 | D:14     | Noticed a cyclops
 13415 | D:14     | Noticed a boulder beetle
 13436 | D:14     | Killed a boulder beetle
 13440 | D:14     | Killed a cyclops
 13449 | D:14     | Noticed a manticore
 13456 | D:14     | Killed a manticore
 13719 | D:13     | Noticed a death knight
 13822 | D:12     | Noticed a cyclops
 13833 | D:12     | Killed a cyclops
 13850 | D:11     | Found Tuera's Weapon Shoppe.
 13929 | D:12     | Noticed a manticore
 13940 | D:12     | Killed a manticore
 13993 | D:12     | Noticed a boulder beetle
 14015 | D:12     | Killed a boulder beetle
 14016 | D:12     | Reached XP level 12. HP: 69/87 MP: 12/12
 14030 | D:12     | Noticed Urug
 14033 | D:12     | Noticed a two-headed ogre
 14054 | D:12     | Found a frozen archway.
 14244 | IceCv    | Entered an ice cave
 14274 | IceCv    | Reached skill level 10 in Long Blades
 14347 | IceCv    | Reached ***** piety under Dithmenos
 14405 | IceCv    | Learned a level 3 spell: Ozocubu's Armour
 14420 | IceCv    | HP: 4/87 [freezing wraith (2)]
 14420 | IceCv    | Mangled by a freezing wraith

Illustrated notes

Levels and vault maps discovered:
D:1:      saegor_arrival_simple_e, layout_basic, nicolae_wormholes
D:2:      layout_loops_ring, dreamdust_ecumenical_altar_statues
D:3:      layout_basic, minmay_liquid_box, kennysheep_pointless_box
D:4:      layout_rooms, minmay_temple_entry_trees, nrook_mini_vaults,
          serial_bayou_pond_d, uniq_eustachio, uniq_edmund
D:5:      layout_basic, nicolae_qazlal_eye_of_the_storm, uniq_menkaure
D:6:      layout_loops_ring, grunt_decor_one_mirror, uniq_blork_the_orc
D:7:      layout_basic, st_stairs_10, kennysheep_donut, uniq_joseph
D:8:      layout_basic, grunt_temple_overflow_opulence, tso_oasis_becter,
          lair_entry_dummy, serial_park_tiny_pond, uniq_pikel
D:9:      layout_loops_corners, mainiacjoe_overflow_boulevard, enter_bailey_6,
          serial_shops, shop, minmay_strange_pillars
D:10:     layout_roguey, mainiacjoe_overflow_24_doors, lemuel_crystal_altar,
          serial_shops, nicolae_shop_overgrown_old_shop, minmay_misc_feat_five,
          st_stairs_14
D:11:     layout_rooms, serial_shops, nicolae_shop_crystal,
          cheibrodos_ashenzari_chains
D:12:     layout_basic, david_orc_2, portal_ice_cave_entry_imps, uniq_urug
D:13:     layout_roguey
D:14:     layout_small_grid, david_vaults_5, hangedman_weighted_door
IceCv:    ice_cave_small_necro

Skill      XL: |  1  2  3  4  5  6  7  8  9 10 11 12 |
---------------+-------------------------------------+-----
Dodging        | 3 4 5 6 9 11 12 | 12.0
Fighting       | 4 5 6 7 9 10 | 10.0
Evocations     | 2 5 |  5.0
Short Blades   | 3 4 5 |  5.6
Long Blades    | 3 9 10 | 10.2
Stealth        | |  6.6

Action                   |  1- 3 |  4- 6 |  7- 9 | 10-12 || total
-------------------------+-------+-------+-------+-------++-------
Melee: Short sword       |    44 |   117 |    75 |       ||   236
       Constrict         |    12 |    31 |    38 |    47 ||   128
       Tentacles         |     8 |    31 |    82 |    93 ||   214
       Punch             |       |       |     6 |     8 ||    14
       Dagger            |       |       |   227 |    43 ||   270
       Scimitar          |       |       |       |   287 ||   287
Throw: Dart              |     1 |       |       |    21 ||    22
Evoke: Wand              |       |     1 |    27 |    29 ||    57
  Use: Scroll            |       |     2 |     7 |     8 ||    17
       Potion            |       |       |     1 |     1 ||     2
 Stab: Sleeping          |    10 |    17 |    13 |     9 ||    49
       Distracted        |       |     4 |       |     1 ||     5
       Paralysed         |       |       |       |     1 ||     1
Armor: Skin              |     4 |     2 |    30 |    27 ||    63
Dodge: Dodged            |    25 |    79 |   207 |   386 ||   697
Block: Buckler           |       |       |       |    66 ||    66
       Other             |       |       |       |     6 ||     6
       Reflection        |       |       |       |     5 ||     5

Table legend: (Time is in decaauts)
 A = Elapsed time spent in this place.
 B = Non-inter-level travel time spent in this place.
 C = Inter-level travel time spent in this place.
 D = Time resting spent in this place.
 E = Time spent auto-exploring this place.
 F = Levels seen in this place.
 G = Mean time per level.
                   A        B        C        D        E       F      G
               +--------+--------+--------+--------+--------+-----+--------+
         Total |  14312 |  13862 |    450 |   5367 |   5165 |  16 |  894.5 |
       Dungeon |  12385 |  11935 |    450 |   4241 |   4939 |  14 |  884.6 |
        Bailey |   1752 |   1752 |      0 |   1070 |    200 |   1 | 1752.0 |
      Ice Cave |    174 |    174 |      0 |     56 |     26 |   1 |  174.0 |
               +--------+--------+--------+--------+--------+-----+--------+

Top non-repeatable levels by time:
     D:6: 2297 daAuts
  Bailey: 1752 daAuts
     D:5: 1381 daAuts
     D:1: 1372 daAuts
     D:7: 1288 daAuts
     D:9: 913 daAuts
     D:8: 903 daAuts
     D:4: 888 daAuts
    D:10: 798 daAuts
     D:3: 742 daAuts
     D:2: 729 daAuts
    D:12: 427 daAuts
    D:14: 291 daAuts
    D:13: 232 daAuts
   IceCv: 174 daAuts
